| TOP OF THE 1ST |
|
San Diego Padres batting - Pitching for Arizona Diamondbacks : RHP Nate Machado
|
|
Pitching: RHP Nate Machado
|
|
|
Batting: RHB Hildo Pot
|
0-0: Ball 1-0: Foul Ball, location: 2F 1-1: Called Strike 1-2: Ball 2-2: Ball 3-2: Fly out, F8 (Flyball, 89D, EV 98.1 MPH)
|
|
Batting: SHB Phil Zacharia
|
0-0: Called Strike 0-1: Called Strike 0-2: DOUBLE (Line Drive, 9LD, EV 105.0 MPH)
|
|
Batting: RHB Manny Vergara
|
0-0: Ball 1-0: Called Strike 1-1: Foul Ball, location: 2F 1-2: Strikes out looking
|
|
Batting: RHB Hugo Bautista
|
0-0: Called Strike 0-1: Ball 1-1: Swinging Strike 1-2: SINGLE (Line Drive, 78M, EV 98.8 MPH) Phil Zacharia to third Runner from 3rd tries for Home, SAFE, throw by LF to home
|
|
Batting: LHB Mike Holt
|
0-0: Called Strike 0-1: Called Strike 0-2: Strikes out swinging
|
| Top of the 1st over - 1 run, 2 hits, 0 errors, 1 left on base; San Diego 1 - Arizona 0 |
| BOTTOM OF THE 1ST |
|
Arizona Diamondbacks batting - Pitching for San Diego Padres : RHP Isaac Spikes
|
|
Pitching: RHP Isaac Spikes
|
|
|
Batting: RHB Katilimomi Kelekolio
|
0-0: Ball 1-0: Ball 2-0: Fly out, F8 (Flyball, 89M, EV 95.6 MPH)
|
|
Batting: LHB Roy Steigerwald
|
0-0: Ball 1-0: Ball 2-0: Ball 3-0: Called Strike 3-1: Called Strike 3-2: Strikes out swinging
|
|
Batting: SHB Alec Thorpe
|
0-0: Ball 1-0: Foul Ball, location: 2F 1-1: SINGLE (Line Drive, 56, EV 97.5 MPH)
|
|
Batting: LHB Jason Peck
|
0-0: Swinging Strike 0-1: Called Strike 0-2: Ball 1-2: Strikes out looking
|
| Bottom of the 1st over - 0 runs, 1 hit, 0 errors, 1 left on base; San Diego 1 - Arizona 0 |
| TOP OF THE 2ND |
|
San Diego Padres batting - Pitching for Arizona Diamondbacks : RHP Nate Machado
|
|
Batting: RHB Kaeo Zirpoli
|
0-0: Ball 1-0: Ball 2-0: Ball 3-0: Called Strike 3-1: Base on Balls
|
|
Batting: RHB Eisse Bravenboer
|
0-0: Ball 1-0: Foul Ball, location: 2F 1-1: Ball 2-1: Ball 3-1: Called Strike 3-2: SINGLE (Groundball, P, EV 91.2 MPH) (infield hit) Kaeo Zirpoli to second
|
|
Batting: LHB Carlos Cuellar
|
0-0: Ball 1-0: Called Strike 1-1: Called Strike 1-2: Grounds into double play, 6-4-3 (Groundball, 6, EV 78.1 MPH) Kaeo Zirpoli to third
|
|
Batting: RHB Masashi Yukizawa
|
0-0: Called Strike 0-1: Swinging Strike 0-2: Ball 1-2: Foul Ball, location: 2F 1-2: Strikes out swinging
|
| Top of the 2nd over - 0 runs, 1 hit, 0 errors, 1 left on base; San Diego 1 - Arizona 0 |
| BOTTOM OF THE 2ND |
|
Arizona Diamondbacks batting - Pitching for San Diego Padres : RHP Isaac Spikes
|
|
Batting: SHB Salvador Aragon
|
0-0: Called Strike 0-1: Swinging Strike 0-2: Ball 1-2: Ball 2-2: Strikes out swinging
|
|
Batting: LHB Mike Mentzer
|
0-0: SINGLE (Flyball, 78S, EV 95.0 MPH)
|
|
Batting: RHB Bob Najar
|
0-0: Grounds into double play, 5-4-3 (Groundball, 5S, EV 90.6 MPH)
|
| Bottom of the 2nd over - 0 runs, 1 hit, 0 errors, 0 left on base; San Diego 1 - Arizona 0 |
| TOP OF THE 3RD |
|
San Diego Padres batting - Pitching for Arizona Diamondbacks : RHP Nate Machado
|
|
Batting: RHB Hildo Pot
|
0-0: Called Strike 0-1: Ball 1-1: Foul Ball, location: 2F 1-2: Ball 2-2: Foul Ball, location: 2F 2-2: Foul Ball, location: 2F 2-2: Strikes out looking
|
|
Batting: SHB Phil Zacharia
|
0-0: Ball 1-0: Called Strike 1-1: DOUBLE (Line Drive, 9LS, EV 108.8 MPH)
|
|
Batting: RHB Manny Vergara
|
0-0: Called Strike 0-1: Swinging Strike 0-2: Ball 1-2: Ball 2-2: Ball 3-2: Strikes out swinging
|
|
Batting: RHB Hugo Bautista
|
0-0: Called Strike 0-1: Ball 1-1: Foul Ball, location: 2F 1-2: Ball 2-2: Foul Ball, location: 2F 2-2: Ground out 4-3 (Groundball, 4, EV 108.1 MPH)
|
| Top of the 3rd over - 0 runs, 1 hit, 0 errors, 1 left on base; San Diego 1 - Arizona 0 |
| BOTTOM OF THE 3RD |
|
Arizona Diamondbacks batting - Pitching for San Diego Padres : RHP Isaac Spikes
|
|
Batting: LHB Bobby Arevalo
|
0-0: Ball 1-0: SINGLE (Flyball, 5D, EV 94.4 MPH)
|
|
Batting: SHB Warren Eisner
|
0-0: Called Strike 0-1: Ball 1-1: Called Strike 1-2: Ball 2-2: Strikes out swinging
|
|
Batting: RHB Katilimomi Kelekolio
|
Pickoff Throw to First - Out! 1-3 CS 0-0: Ball 1-0: Fly out, F9 (Flyball, 89M, EV 86.2 MPH)
|
| Bottom of the 3rd over - 0 runs, 1 hit, 0 errors, 0 left on base; San Diego 1 - Arizona 0 |
| TOP OF THE 4TH |
|
San Diego Padres batting - Pitching for Arizona Diamondbacks : RHP Nate Machado
|
|
Batting: LHB Mike Holt
|
0-0: Called Strike 0-1: SINGLE (Groundball, 4, EV 108.1 MPH)
|
|
Batting: RHB Kaeo Zirpoli
|
0-0: Ball 1-0: Swinging Strike 1-1: Called Strike 1-2: Ball 2-2: Ball 3-2: Strikes out swinging
|
|
Batting: RHB Eisse Bravenboer
|
0-0: Ball 1-0: Ball 2-0: Foul Ball, location: 2F 2-1: Foul Ball, location: 2F 2-2: SINGLE (Groundball, 56D, EV 94.4 MPH) Mike Holt to second
|
|
Batting: LHB Carlos Cuellar
|
0-0: Called Strike 0-1: Called Strike 0-2: Ball 1-2: SINGLE (Flyball, 5D, EV 92.5 MPH) Mike Holt to third Eisse Bravenboer to second
|
|
Batting: RHB Masashi Yukizawa
|
0-0: Ball 1-0: Ball 2-0: Foul Ball, location: 2F 2-1: Called Strike 2-2: SINGLE (Line Drive, 78S, EV 93.1 MPH) Mike Holt scores Eisse Bravenboer to third Carlos Cuellar to second
|
|
Batting: RHB Hildo Pot
|
0-0: Ball Wild Pitch! Eisse Bravenboer scores Carlos Cuellar to third Masashi Yukizawa to second 1-0: Ground out U3 (Groundball, 34S, EV 85.6 MPH) Carlos Cuellar scores Masashi Yukizawa to third
|
|
Batting: SHB Phil Zacharia
|
0-0: Called Strike 0-1: Foul Ball, location: 2F 0-2: Fly out, F9 (Flyball, 9LD, EV 83.8 MPH)
|
| Top of the 4th over - 3 runs, 4 hits, 0 errors, 1 left on base; San Diego 4 - Arizona 0 |
| BOTTOM OF THE 4TH |
|
Arizona Diamondbacks batting - Pitching for San Diego Padres : RHP Isaac Spikes
|
|
Batting: LHB Roy Steigerwald
|
0-0: Hit by Pitch
|
|
Batting: SHB Alec Thorpe
|
0-0: Foul Ball, location: 2F 0-1: Swinging Strike 0-2: Strikes out swinging
|
|
Batting: LHB Jason Peck
|
0-0: Ball 1-0: Ball 2-0: 2-RUN HOME RUN (Flyball, 7LD, EV 98.1 MPH), Distance : 357 ft
|
|
Batting: SHB Salvador Aragon
|
0-0: Called Strike 0-1: Called Strike 0-2: Strikes out looking
|
|
Batting: LHB Mike Mentzer
|
0-0: Ball 1-0: Ground out 6-3 (Groundball, 4MS, EV 86.2 MPH)
|
| Bottom of the 4th over - 2 runs, 1 hit, 0 errors, 0 left on base; San Diego 4 - Arizona 2 |
| TOP OF THE 5TH |
|
San Diego Padres batting - Pitching for Arizona Diamondbacks : RHP Nate Machado
|
|
Batting: RHB Manny Vergara
|
0-0: Ball 1-0: Ground out 5-3 (Groundball, 56S, EV 80.0 MPH)
|
|
Batting: RHB Hugo Bautista
|
0-0: Ball 1-0: Ground out 4-3 (Groundball, 4, EV 102.5 MPH)
|
|
Batting: LHB Mike Holt
|
0-0: Ball 1-0: Ball 2-0: Swinging Strike 2-1: Foul Ball, location: 2F 2-2: SINGLE (Groundball, 4D, EV 98.1 MPH)
|
|
Batting: RHB Kaeo Zirpoli
|
0-0: Called Strike 0-1: Foul Ball, location: 2F 0-2: Ball 1-2: Foul Ball, location: 2F 1-2: Strikes out swinging
|
| Top of the 5th over - 0 runs, 1 hit, 0 errors, 1 left on base; San Diego 4 - Arizona 2 |
| BOTTOM OF THE 5TH |
|
Arizona Diamondbacks batting - Pitching for San Diego Padres : RHP Isaac Spikes
|
|
Batting: RHB Bob Najar
|
0-0: Fly out, F4 (Popup, 4, EV 68.1 MPH)
|
|
Batting: LHB Bobby Arevalo
|
0-0: Ball 1-0: Ground out 1-3 (Groundball, 13S, EV 61.9 MPH)
|
|
Batting: SHB Warren Eisner
|
0-0: Ball 1-0: Called Strike 1-1: Ball 2-1: Foul Ball, location: 2F 2-2: Ground out 6-3 (Groundball, 4MD, EV 86.2 MPH)
|
| Bottom of the 5th over - 0 runs, 0 hits, 0 errors, 0 left on base; San Diego 4 - Arizona 2 |
| TOP OF THE 6TH |
|
San Diego Padres batting - Pitching for Arizona Diamondbacks : RHP Nate Machado
|
|
Pitching: RHP Bill Pauley
|
|
|
Batting: RHB Eisse Bravenboer
|
0-0: Swinging Strike 0-1: Ball 1-1: Called Strike 1-2: Ball 2-2: Foul Ball, location: 2F 2-2: Ground out 5-3 (Groundball, 56S, EV 84.4 MPH)
|
|
Batting: LHB Carlos Cuellar
|
0-0: Ball 1-0: Foul Ball, location: 2F 1-1: Ball 2-1: Ball 3-1: Ground out 6-3 (Groundball, 6, EV 82.5 MPH)
|
|
Batting: RHB Masashi Yukizawa
|
0-0: Ball 1-0: Called Strike 1-1: Foul Ball, location: 2F 1-2: Ball 2-2: SOLO HOME RUN (Flyball, 7D, EV 99.4 MPH), Distance : 376 ft
|
|
Batting: RHB Hildo Pot
|
0-0: Ball 1-0: Ball 2-0: Ground out 4-3 (Groundball, 4, EV 77.5 MPH)
|
| Top of the 6th over - 1 run, 1 hit, 0 errors, 0 left on base; San Diego 5 - Arizona 2 |
| BOTTOM OF THE 6TH |
|
Arizona Diamondbacks batting - Pitching for San Diego Padres : RHP Isaac Spikes
|
|
Batting: RHB Katilimomi Kelekolio
|
0-0: Ball 1-0: Ball 2-0: Ball 3-0: Base on Balls
|
|
Batting: LHB Roy Steigerwald
|
0-0: Called Strike Katilimomi Kelekolio is caught stealing 2nd base 2-6 0-1: Swinging Strike 0-2: Foul Ball, location: 2F 0-2: Ball 1-2: Ball 2-2: Ball 3-2: Base on Balls
|
|
Batting: SHB Alec Thorpe
|
0-0: Ball 1-0: Called Strike 1-1: Ball 2-1: Foul Ball, location: 2F 2-2: Strikes out looking
|
|
Batting: LHB Jason Peck
|
0-0: Foul Ball, location: 2F 0-1: DOUBLE (Line Drive, 89D, EV 108.8 MPH) Roy Steigerwald to third
|
|
Batting: SHB Salvador Aragon
|
0-0: Ball 1-0: Called Strike 1-1: Called Strike 1-2: SINGLE (Groundball, 34D, EV 106.9 MPH) (infield hit) Roy Steigerwald scores Jason Peck to third
|
|
Batting: LHB Mike Mentzer
|
0-0: Ball 1-0: Foul Ball, location: 2F 1-1: Foul Ball, location: 2F 1-2: Foul Ball, location: 2F 1-2: Ball 2-2: Ball 3-2: Foul Ball, location: 2F 3-2: Ground out 4-3 (Groundball, 4, EV 98.8 MPH)
|
| Bottom of the 6th over - 1 run, 2 hits, 0 errors, 2 left on base; San Diego 5 - Arizona 3 |
| TOP OF THE 7TH |
|
San Diego Padres batting - Pitching for Arizona Diamondbacks : RHP Bill Pauley
|
|
Pitching: LHP Chris Baran
|
|
|
Batting: SHB Phil Zacharia
|
0-0: Ball 1-0: Ball 2-0: Called Strike 2-1: SOLO HOME RUN (Flyball, 9LD, EV 93.8 MPH), Distance : 349 ft
|
|
Batting: RHB Manny Vergara
|
0-0: SOLO HOME RUN (Flyball, 78XD, EV 100.0 MPH), Distance : 417 ft
|
|
Batting: RHB Hugo Bautista
|
0-0: Ball 1-0: Ball 2-0: Ball 3-0: Base on Balls
|
|
Batting: LHB Mike Holt
|
0-0: Foul Ball, location: 2F 0-1: Fielders Choice at 2nd, 4-6 (Groundball, 34, EV 85.6 MPH)
|
|
Batting: RHB Kaeo Zirpoli
|
0-0: Ball 1-0: Ball 2-0: Ball 3-0: Called Strike 3-1: Base on Balls Mike Holt to second
|
|
Batting: RHB Eisse Bravenboer
|
0-0: Foul Ball, location: 2F 0-1: Ball 1-1: Called Strike 1-2: Strikes out swinging
|
|
Batting: LHB Carlos Cuellar
|
0-0: Ball 1-0: Ground out U3 (Groundball, 34S, EV 86.9 MPH)
|
| Top of the 7th over - 2 runs, 2 hits, 0 errors, 2 left on base; San Diego 7 - Arizona 3 |
| BOTTOM OF THE 7TH |
|
Arizona Diamondbacks batting - Pitching for San Diego Padres : RHP Isaac Spikes
|
|
Batting: RHB Bob Najar
|
0-0: SINGLE (Flyball, 8LS, EV 92.5 MPH)
|
|
Batting: LHB Bobby Arevalo
|
0-0: Ball 1-0: Called Strike 1-1: Foul Ball, location: 2F 1-2: Ball 2-2: Foul Ball, location: 2F 2-2: Ball 3-2: DOUBLE (Line Drive, 7LM, EV 105.0 MPH) Bob Najar to third Bob Najar scores
|
|
Batting: SHB Warren Eisner
|
0-0: Fly out, F9 (Line Drive, 9LM, EV 109.4 MPH)
|
|
Batting: RHB Katilimomi Kelekolio
|
0-0: Ball 1-0: Ball 2-0: TRIPLE (Line Drive, 89XD, EV 108.1 MPH) Bobby Arevalo scores
|
|
Pitching: RHP Marshall Barron
|
|
|
Batting: LHB Roy Steigerwald
|
0-0: Ground out U3 (Groundball, 3, EV 101.9 MPH)
|
|
Batting: SHB Alec Thorpe
|
0-0: Swinging Strike 0-1: Ball 1-1: Foul Ball, location: 2F 1-2: Ball 2-2: Foul Ball, location: 2F 2-2: Ball 3-2: Base on Balls
|
|
Batting: LHB Jason Peck
|
0-0: Called Strike 0-1: Ball 1-1: Called Strike 1-2: Foul Ball, location: 2F 1-2: Strikes out swinging
|
| Bottom of the 7th over - 2 runs, 3 hits, 0 errors, 2 left on base; San Diego 7 - Arizona 5 |
| TOP OF THE 8TH |
|
San Diego Padres batting - Pitching for Arizona Diamondbacks : LHP Chris Baran
|
|
Pitching: LHP Mario Valdivia
|
|
|
Batting: RHB Masashi Yukizawa
|
0-0: Foul Ball, location: 2F 0-1: Ball 1-1: Foul Ball, location: 2F 1-2: Strikes out swinging
|
|
Batting: RHB Hildo Pot
|
0-0: Called Strike 0-1: Foul Ball, location: 2F 0-2: Ball 1-2: Ball 2-2: Strikes out looking
|
|
Batting: SHB Phil Zacharia
|
0-0: Ball 1-0: SINGLE (Line Drive, 89M, EV 91.9 MPH)
|
|
Batting: RHB Manny Vergara
|
0-0: SINGLE (Line Drive, 8RS, EV 91.2 MPH) Phil Zacharia to second Runner from 2nd tries for 3rd, SAFE, throw by CF made to third
|
|
Batting: RHB Hugo Bautista
|
0-0: Ball 1-0: Fielders Choice at 2nd, 5-4 (Groundball, 56, EV 108.1 MPH)
|
| Top of the 8th over - 0 runs, 2 hits, 0 errors, 2 left on base; San Diego 7 - Arizona 5 |
| BOTTOM OF THE 8TH |
|
Arizona Diamondbacks batting - Pitching for San Diego Padres : RHP Marshall Barron
|
|
Batting: SHB Salvador Aragon
|
0-0: Called Strike 0-1: Foul Ball, location: 2F 0-2: Foul Ball, location: 2F 0-2: Strikes out swinging
|
|
Batting: LHB Mike Mentzer
|
0-0: Ball 1-0: Called Strike 1-1: Ball 2-1: DOUBLE (Line Drive, 7LM, EV 95.0 MPH)
|
|
Batting: RHB Bob Najar
|
0-0: Called Strike 0-1: Called Strike 0-2: Ball 1-2: Strikes out looking
|
|
Batting: LHB Bobby Arevalo
|
0-0: Ball 1-0: Swinging Strike 1-1: Called Strike 1-2: Strikes out looking
|
| Bottom of the 8th over - 0 runs, 1 hit, 0 errors, 1 left on base; San Diego 7 - Arizona 5 |
| TOP OF THE 9TH |
|
San Diego Padres batting - Pitching for Arizona Diamondbacks : LHP Mario Valdivia
|
|
Batting: LHB Mike Holt
|
0-0: Ball 1-0: Ball 2-0: Called Strike 2-1: Foul Ball, location: 2F 2-2: Ball 3-2: Strikes out swinging, 2-3 out at first.
|
|
Batting: RHB Kaeo Zirpoli
|
0-0: Ball 1-0: Ball 2-0: Ball 3-0: Called Strike 3-1: Base on Balls
|
|
Batting: RHB Eisse Bravenboer
|
0-0: Foul Ball, location: 2F 0-1: Foul Ball, location: 2F 0-2: Ball 1-2: Strikes out swinging
|
|
Batting: LHB Carlos Cuellar
|
0-0: Swinging Strike 0-1: Foul Ball, location: 2F 0-2: Strikes out swinging
|
| Top of the 9th over - 0 runs, 0 hits, 0 errors, 1 left on base; San Diego 7 - Arizona 5 |
| BOTTOM OF THE 9TH |
|
Arizona Diamondbacks batting - Pitching for San Diego Padres : RHP Marshall Barron
|
|
Pitching: RHP Arturo Diaz
|
|
|
Batting: SHB Warren Eisner
|
0-0: Ball 1-0: Ball 2-0: Foul Ball, location: 2F 2-1: Swinging Strike 2-2: Ball 3-2: Foul Ball, location: 2F 3-2: Strikes out swinging
|
|
Batting: RHB Katilimomi Kelekolio
|
0-0: Called Strike 0-1: Swinging Strike 0-2: Fly out, F7 (Line Drive, 78M, EV 100.0 MPH)
|
|
Batting: LHB Roy Steigerwald
|
0-0: SINGLE (Groundball, 3D, EV 110.6 MPH)
|
|
Batting: SHB Alec Thorpe
|
0-0: Ball 1-0: Called Strike 1-1: Foul Ball, location: 2F 1-2: Fly out, F6 (Popup, 6MD, EV 60.0 MPH)
|
| Bottom of the 9th over - 0 runs, 1 hit, 0 errors, 1 left on base; San Diego 7 - Arizona 5 |
|